 Dungeon Crawl Stone Soup version 0.29.1-15-g9cfb28693d (webtiles) character file.

Game seed: 1005775769147612394

1033 Heoruswealwe the Thaumaturge (level 8, -12/41 HPs)
             Began as a Deep Elf Earth Elementalist on Apr 18, 2023.
             Mangled by a boulder beetle (18 damage)
             ... created by the adversity of Qazlal
             ... on level 6 of the Dungeon.
             The game lasted 00:31:45 (3229 turns).

Heoruswealwe the Thaumaturge (DEEE)                 Turns: 3229, Time: 00:31:46

Health: -12/41     AC: 10    Str:  5    XL:     8   Next: 3%
Magic:  15/23      EV: 13    Int: 27    God:
Gold:   168        SH:  0    Dex: 21    Spells: 15/25 levels left

rFire   . . .      SeeInvis .   b - +2 long sword of Humoen {venom, Int+4 Stlth+}
rCold   x x .      Faith    .   (no shield)
rNeg    . . .      Spirit   .   c - +2 robe {Will+}
rPois   .          Reflect  .   (no helmet)
rElec   .          Harm     .   h - +0 cloak
rCorr   .          Rampage  .   (no gloves)
Will    +....                   e - +0 pair of boots
Stlth   +++.......              (no amulet)
HPRegen 0.13/turn               k - +6 ring of dexterity
MPRegen 0.18/turn               j - +4 ring of protection

@: engulfed (cannot breathe)
A: [cold vulnerability 2]
a: no special abilities


You were on level 6 of the Dungeon.
You visited 1 branch of the dungeon, and saw 6 of its levels.

You collected 316 gold pieces.
You spent 148 gold pieces at shops.

Inventory:

Hand Weapons
 b - the +2 long sword of Humoen (weapon) {venom, Int+4 Stlth+}
   (You found it on level 2 of the Dungeon)

   It poisons the flesh of those it strikes.
   Int:       It affects your intelligence (+4).
   Stlth:     It makes you more stealthy.
Armour
 c - a +2 robe of willpower (worn)
 e - a +0 pair of boots (worn)
 h - a +0 cloak (worn)
 x - a +2 robe of cold resistance
Jewellery
 j - a +4 ring of protection (right hand)
 k - a +6 ring of dexterity (left hand)
Scrolls
 a - 2 scrolls of poison {unknown}
 d - a scroll of teleportation {unknown}
 i - 2 scrolls of identify {unknown}
 m - 2 scrolls of enchant armour {unknown}
 p - a scroll of noise {unknown}
 q - a scroll of fog {unknown}
 r - a scroll of immolation {unknown}
 t - 2 scrolls of fear {unknown}
 u - 2 scrolls of enchant weapon {unknown}
 v - 2 scrolls of torment {unknown}
 w - 2 scrolls of blinking {unknown}
Potions
 f - a potion of ambrosia {unknown}
 g - 4 potions of mutation {unknown}
 l - 2 potions of brilliance {unknown}
 n - 3 potions of curing {unknown}
 o - a potion of magic
 s - a potion of degeneration {unknown}
 z - a potion of cancellation {unknown}
 A - a potion of lignification {unknown}


   Skills:
 - Level 2.4 Dodging
 - Level 2.4 Stealth
 + Level 9.1 Spellcasting
 - Level 1.1 Transmutations
 + Level 7.9 Earth Magic


You had 15 spell levels left.
You knew the following spells:

 Your Spells              Type           Power      Damage    Failure   Level
a - Sandblast             Erth           100%       2d20      1%          1
b - Stone Arrow           Conj/Erth      66%        3d11      2%          3
c - Petrify               Tmut/Erth      36%        N/A       7%          4
z - Passwall              Tmut/Erth      30%        N/A       1%          2

Your spell library contained the following spells:

 Spells                   Type           Power      Damage    Failure   Level
 Magic Dart               Conj           48%        1d5       4%          1
 Searing Ray              Conj           24%        2d5       7%          2
 Ozocubu's Armour         Ice            12%        N/A       14%         3
 Fulminant Prism          Conj/Hex       6%         3d7       43%         4
 Metabolic Englaciation   Hex/Ice        6%         N/A       78%         5
 Simulacrum               Ice/Necr       6%         N/A       100%        6


Dungeon Overview and Level Annotations

Branches:
Dungeon (7/15)
 Temple: D:4-7

Altars:
Qazlal

Shops:
D:3 (?[   D:6 (

Portals:
Sewer: D:6


Innate Abilities, Weirdness & Mutations

[You are very vulnerable to cold. (rC--)]


Message History

A river rat comes into view.
You see here 19 gold pieces. 2 adders come into view.
Found a glowing drain.
The adder hisses angrily. x2
You can't see any susceptible monsters within range! (Use Z to cast anyway.)
The blast of sand hits the adder!!
You kill the adder!
The blast of sand hits the adder!!
You kill the adder!
The blast of sand hits the river rat.
The river rat is heavily wounded.
The blast of sand hits the river rat.
You kill the river rat!
n - 3 inky potions (gained 1)
You see here a +0 war axe.
Qazlal causes a mighty clap of thunder!
Qazlal incites the elements against you!
A boulder beetle and a water elemental come into view.
You hear a shout!
You hear an angry hiss.
You hear a shout! x4
The blast of sand hits the boulder beetle!
The boulder beetle is lightly wounded.
The blast of sand hits the boulder beetle but does no damage.
The boulder beetle is lightly wounded.
The boulder beetle closely misses you. The water elemental closely misses you.
The water elemental hits you.
The boulder beetle bites you but does no damage.
The blast of sand hits the boulder beetle but does no damage.
The boulder beetle is lightly wounded.
The boulder beetle bites you! The water elemental barely misses you.
The blast of sand hits the boulder beetle but does no damage.
The boulder beetle is lightly wounded.
The boulder beetle bites you but does no damage.
The water elemental hits you!
* * * LOW HITPOINT WARNING * * *
The water elemental engulfs you in water!
The water elemental hits you.
* * * LOW HITPOINT WARNING * * *
The boulder beetle bites you!!
You die...

####..#### ###........##
...........###
##...##......##
##...†.#...!....
##.)..........#
##....∩.......#
#.............##
###..#.....#.B@..#
###....##...##.E...##
......#######..#....####
##.....# ####)......#
##.....# ##.....~#
###....# #†.~~~# ##..>..
.~~~~# ...... .~~~~#
#.#... .~~~∩#


You could see a boulder beetle and a water elemental.

Vanquished Creatures
  A wyvern (D:7)
  A kobold brigand (D:7)
  2 scorpions
  4 wights (D:7)
  A hound (D:4)
  A gnoll bouda (D:7)
  An iguana (D:6)
  2 orc wizards (D:3)
  Natasha (thrice) (D:3)
  6 gnolls
  11 adders
  A river rat (D:6)
  A shadow imp (D:4)
  2 dart slugs (D:3)
  8 orcs
  8 bats
  7 endoplasms
  3 giant cockroaches
  4 goblins
  11 hobgoblins
  10 jackals
  8 quokkas
  11 ball pythons
  4 frilled lizards
  6 kobolds
  6 rats
  4 bushes (D:4)
127 creatures vanquished.

Vanquished Creatures (others)
  3 plants (D:4)
3 creatures vanquished.

Grand Total: 130 creatures vanquished

Notes
Turn   | Place    | Note
-------+----------+-------------------------------------------
     0 | D:1      | Heoruswealwe the Deep Elf Earth Elementalist began the
                  | quest for the Orb.
     0 | D:1      | Reached XP level 1. HP: 10/10 MP: 6/6
   118 | D:1      | Reached XP level 2. HP: 11/15 MP: 2/8
   121 | D:1      | Learned a level 2 spell: Passwall
   559 | D:1      | Reached skill level 4 in Spellcasting
   646 | D:1      | Reached XP level 3. HP: 19/19 MP: 6/10
   651 | D:1      | Learned a level 3 spell: Stone Arrow
   939 | D:2      | Identified the +2 long sword of Humoen {venom, Int+4
                  | Stlth+}
  1295 | D:2      | Found a faded altar of an unknown god.
  1335 | D:2      | Prayed at the altar of an unknown god.
  1335 | D:2      | Became a worshipper of Qazlal Stormbringer
  1335 | D:2      | Reached * piety under Qazlal
  1336 | D:2      | Fell from the grace of Qazlal
  1495 | D:3      | Found Sid Dis's Weapon Emporium.
  1584 | D:3      | Found Peuhuok's Magic Scroll Shoppe.
  1667 | D:3      | Noticed Natasha
  1671 | D:3      | Reached XP level 4. HP: 15/24 MP: 9/12
  1674 | D:3      | Killed Natasha
  1675 | D:3      | Reached skill level 5 in Spellcasting
  1729 | D:3      | Noticed Natasha
  1730 | D:3      | Killed Natasha
  1731 | D:3      | Reached skill level 5 in Earth Magic
  1732 | D:3      | Reached XP level 5. HP: 21/28 MP: 8/15
  1781 | D:3      | Found Nipi Koss's Antique Armour Shop.
  1817 | D:3      | Bought a runed robe for 74 gold pieces
  1817 | D:3      | Bought an embroidered robe for 74 gold pieces
  1870 | D:3      | Noticed Natasha
  1874 | D:3      | Killed Natasha
  1875 | D:3      | Reached skill level 6 in Spellcasting
  2254 | D:4      | Reached XP level 6. HP: 32/32 MP: 14/17
  2403 | D:4      | Reached skill level 7 in Spellcasting
  2856 | D:4      | You fall into a shaft and drop 3 floors!
  2896 | D:7      | Reached XP level 7. HP: 36/36 MP: 16/19
  2901 | D:7      | Learned a level 4 spell: Petrify
  2966 | D:7      | Reached skill level 8 in Spellcasting
  3042 | D:7      | Noticed a wyvern
  3057 | D:7      | Killed a wyvern
  3058 | D:7      | Reached skill level 9 in Spellcasting
  3194 | D:6      | Found Suexe's Weapon Shoppe.
  3203 | D:6      | Reached XP level 8. HP: 41/41 MP: 17/23
  3214 | D:6      | Found a glowing drain.
  3225 | D:6      | Noticed a boulder beetle
  3229 | D:6      | Mangled by a boulder beetle

Illustrated notes

Levels and vault maps discovered:
D:1:      saegor_arrival_simple_a, layout_basic, minmay_split_cup_large
D:2:      layout_loops_ring, shapermc_ecumenical_altar_notcrosses
D:3:      layout_loops_cross, serial_shops, nicolae_shop_crystal, shop, shop,
          grunt_ministairs_9, minmay_snake_closets, uniq_natasha
D:4:      layout_cave_pods, serial_park, serial_park_tiny_pond,
          serial_park_tiny_pond, serial_park_tiny_2, serial_park_square1
          [serial_park_minivault_5x5_5], serial_park_gazebo
          [serial_park_minivault_5x5_8]
D:6:      layout_cave_pods, portal_sewer_entry_b, serial_shops,
          nicolae_shop_bloodbath_and_beyond, uniq_edmund, uniq_grinder
D:7:      layout_gridville, serial_shops, kennysheep_mini,
          minmay_misc_feat_cross

Skill      XL: |  1  2  3  4  5  6  7 |
---------------+----------------------+-----
Spellcasting   | 4 5 6 7 9 |  9.1
Earth Magic    | 4 5 6 7 |  7.9
Dodging        | |  2.4
Stealth        | |  2.4
Transmutations | |  1.1

Action                   |  1- 3 |  4- 6 |  7- 9 || total
-------------------------+-------+-------+-------++-------
Melee: Long sword        |       |    99 |     1 ||   100
       Punch             |       |     2 |       ||     2
 Cast: Sandblast         |    61 |    80 |    38 ||   179
       Passwall          |       |     2 |       ||     2
Invok: Renounce Religion |     1 |       |       ||     1
Armor: Robe              |     4 |    14 |     7 ||    25
Dodge: Dodged            |     6 |    20 |    17 ||    43
